 Dungeon Crawl Stone Soup version 0.29.1-15-g9cfb28693d (webtiles) character file.

Game seed: 13021441140367428518

14788 tizbic2 the Spear-Bearer (level 11, -5/89 HPs)
             Began as a Demigod Earth Elementalist on Apr 14, 2023.
             Slain by a cane toad (15 damage)
             ... on level 1 of the Lair of Beasts on Apr 16, 2023.
             The game lasted 01:12:51 (13397 turns).

tizbic2 the Spear-Bearer (DgEE)                    Turns: 13397, Time: 01:12:53

Health: -5/89      AC: 13    Str: 19    XL:     11   Next: 62%
Magic:  17/23      EV: 13    Int: 25    God:
Gold:   284        SH:  0    Dex: 14    Spells: 10/21 levels left

rFire   + . .      SeeInvis .   w - +9 lance "Wyrmbane" {slay drac, rPois rF+ rC+ AC+3}
rCold   + + .      Faith    .   (no shield)
rNeg    . . .      Spirit   .   P - +0 steam dragon scales
rPois   +          Reflect  .   q - +2 hat of Kem Coskack {rC+ Regen+ rCorr}
rElec   .          Harm     .   K - +0 cloak
rCorr   +          Rampage  .   (no gloves)
Will    +....                   n - +1 pair of boots {Fly}
Stlth   ++........              (no amulet)
HPRegen 1.04/turn               r - +6 ring of strength
MPRegen 0.18/turn               E - ring of wizardry

@: flying
A: high MP 1, forlorn, divine attributes
a: no special abilities


You were on level 1 of the Lair of Beasts.
You visited 2 branches of the dungeon, and saw 13 of its levels.
You also visited: Sewer and Bailey.

You collected 536 gold pieces.
You spent 252 gold pieces at shops.

Inventory:

Hand Weapons
 d - a +2 vorpal hand axe
 w - the +9 lance "Wyrmbane" (weapon) {slay drac, rPois rF+ rC+ AC+3}
   (You took it off Maggie on level 8 of the Dungeon)

   It inflicts extra damage against dragons and draconians.
   AC:        It affects your AC (+3).
   rF:        It protects you from fire.
   rC:        It protects you from cold.
   rPois:     It protects you from poison.
 A - a +2 dagger of speed
 I - a +2 great sword of holy wrath
 V - the +11 great sword "Demon's Bane" {protect, rC+}
   (You took it off a gnoll bouda in a bailey)

   It grants its wielder temporary protection when it strikes (+7 to AC).
   rC:        It protects you from cold.
Missiles
 f - 119 stones
 h - 8 javelins
 j - 9 boomerangs
 o - 25 poisoned darts
 T - 5 throwing nets
Armour
 e - a scarf of invisibility
 k - a +0 ring mail of willpower
 l - +0 acid dragon scales
 n - a +1 pair of boots of flying (worn)
 q - the +2 hat of Kem Coskack (worn) {rC+ Regen+ rCorr}
   (You found it on level 8 of the Dungeon)

   rC:        It protects you from cold.
   Regen:     It increases your rate of health regeneration.
   rCorr:     It protects you from acid and corrosion.
 K - a +0 cloak (worn)
 M - a +2 helmet of see invisible
 P - +0 steam dragon scales (worn)
 U - a +0 crystal plate armour
Magical Staves
 a - a staff of earth
Jewellery
 m - a ring of see invisible
 r - a +6 ring of strength (left hand)
 s - the ring of Paranoia {Will+ Dex+6}
   (You found it in a sewer)

   [ring of dexterity]

   Dex:       It affects your dexterity (+6).
   Will:      It increases your willpower.
 u - a ring of resist corrosion
 E - a ring of wizardry (right hand)
 H - a ring of magical power
 J - a ring of positive energy
 L - a ring of poison resistance
 O - a ring of ice
Wands
 x - a wand of charming (18)
 y - a wand of iceblast (4)
 G - a wand of flame (27)
Scrolls
 t - a scroll of blinking
 B - 3 scrolls of teleportation
 F - 2 scrolls of fear
 Q - a scroll of butterflies
 R - 2 scrolls of poison
 S - 2 scrolls of enchant weapon
 X - a scroll of identify
Potions
 b - a potion of magic
 g - 3 potions of flight
 i - a potion of ambrosia
 p - 3 potions of curing
 v - a potion of brilliance
 z - a potion of haste
 C - 3 potions of mutation
 D - 3 potions of lignification
 N - a potion of might
 W - a potion of attraction


   Skills:
 + Level 5.8 Fighting
 * Level 10.3(11.4) Polearms
 - Level 7.7(10.2) Staves
 + Level 2.4 Armour
 + Level 3.2 Dodging
 - Level 1.7 Stealth
 + Level 5.9 Spellcasting
 * Level 3.1 Conjurations
 - Level 2.2 Transmutations
 + Level 7.4 Earth Magic
 - Level 1.1 Evocations


You had 10 spell levels left.
You knew the following spells:

 Your Spells              Type           Power      Damage    Failure   Level
a - Sandblast             Erth           88%        2d18      1%          1
b - Stone Arrow           Conj/Erth      66%        3d11      1%          3
c - Petrify               Tmut/Erth      31%        N/A       4%          4
d - Mephitic Cloud        Conj/Pois/Air  12%        N/A       6%          3

Your spell library contained the following spells:

 Spells                   Type           Power      Damage    Failure   Level
 Shock                    Conj/Air       60%        1d6       1%          1
 Passwall                 Tmut/Erth      25%        N/A       1%          2
 Ensorcelled Hibernation  Hex/Ice        14%        N/A       4%          2
 Conjure Flame            Conj/Fire      15%        6-21      4%          3
 Ignite Poison            Fire/Tmut/Pois 11%        N/A       7%          3
 Swiftness                Air            7%         N/A       9%          3
 Iskenderun's Battlesphe  Conj           22%        2d8       22%         5
 Airstrike                Air            3%         2d(1-17)  28%         4
 Freezing Cloud           Conj/Ice/Air   6%         6-21      45%         5
 Iron Shot                Conj/Erth      16%        9d4       45%         6
 Metabolic Englaciation   Hex/Ice        3%         N/A       61%         5
 Malign Gateway           Summ/Tloc      3%         N/A       100%        7
 Spellforged Servitor     Conj/Summ      7%         N/A       100%        7
 Summon Horrible Things   Summ           3%         N/A       100%        8


Dungeon Overview and Level Annotations

Branches:
Dungeon (11/15)            Temple (0/1) D:7            Lair (2/5) D:11
  Swamp (0/4) Lair:2          Orc (0/2) D:9           Sewer (visited)
 Bailey (visited)
  Snake: Lair:2-3    Spider: Lair:2-3

Shops:
D:3 [*(   D:4 :   D:7 ?   D:11 =

Annotations:
D:4 2 runed translucent doors, Mortadella's ghost, novice GnCA
D:7 3 runed translucent doors, CabbageHands's ghost, novice DsBe; turdburglar's ghost, novice GnAM


Innate Abilities, Weirdness & Mutations

You have an increased reservoir of magic. (+10% MP)
You shall have no god before yourself.
Your divine heritage dramatically boosts your attributes as you level up.


Message History

As you read the scroll of blinking, it crumbles to dust.
There is a stone staircase leading up here.
Aiming: Sandblast (safe; 1% risk of failure)
Press: ? - help, Q - select action, (/) - cycle Shift-Dir - straight line, f - cane toad
Aim: a cane toad (87% to hit)
You feel a surge of power!
The blast of sand hits the cane toad but does no damage.
Aiming: Sandblast (safe; 1% risk of failure)
Press: ? - help, Q - select action, (/) - cycle Shift-Dir - straight line, f/p - cane toad
Aim: a cane toad (87% to hit)
You feel a surge of power!
The blast of sand misses the cane toad.
The cane toad stings you!
You are poisoned.
The cane toad poisons you!
You feel very sick. The cane toad stings you!
* * * LOW HITPOINT WARNING * * *
The cane toad completely misses you.
You fly upwards.
You feel very sick.
There is a stone staircase leading down here.
Okay, then.
You feel better. The cane toad barely misses you.
You feel an overwhelming desire to slay dragons!
w - the +9 lance "Wyrmbane" (weapon)
{slay drac, rPois rF+ rC+ AC+3} You barely miss the cane toad.
The cane toad stings you!
* * * LOW HITPOINT WARNING * * *
You hit the cane toad.
The cane toad is lightly wounded.
The cane toad stings you.
* * * LOW HITPOINT WARNING * * *
Casting: Sandblast (safe; 1% risk of failure)
Confirm with . or Enter, or press ? or * to list all spells.
Aiming: Stone Arrow (safe; 1% risk of failure)
Press: ? - help, Shift-Dir - straight line, f - cane toad
Aim: a cane toad (lightly wounded, 77% to hit)
The stone arrow hits the cane toad!
The cane toad is heavily wounded.
The cane toad stings you!
You die...

..................##
...............##.#
~~88........#####.#
~~####P....## ##.#
~.# ##.....####..##
~.## #......##....#
~..# #.......##...#
~#.## #......).#.###
##>.###........#@#
##..##........).F#
###.#............#
#...............##
...##...........##
.###.##..........##
~# ######........P#
~# ###......## ~###
#......#


You could see a cane toad.

Vanquished Creatures
  2 hydras (Lair:1)
  A black mamba (Lair:1)
  A gargoyle (D:11)
  2 cane toads (Lair:1)
  Maggie (D:8)
  A komodo dragon (Lair:2)
  2 unseen horrors (D:11)
  A hornet (D:8)
  A troll (D:10)
  A vampire (D:10)
  A shadow (D:9)
  A wraith (D:11)
  27 yaks
  A basilisk (Lair:1)
  3 vampire mosquitoes
  3 wargs
  An acid dragon (D:11)
  4 water moccasins
  2 black bears
  4 orc warriors
  3 ice beasts
  7 wolves (Bailey)
  A centaur (D:9)
  An ogre (D:5)
  3 phantoms
  8 bullfrogs
  8 gnoll sergeants
  5 scorpions
  2 necrophages
  7 killer bees
  2 jellies
  4 howler monkeys
  7 orc priests
  7 hounds
  7 gnoll boudas
  9 orc wizards
  13 adders
  31 gnolls
  3 white imps
  2 ufetubi
  3 worms
  2 dart slugs (D:1)
  29 orcs
  10 endoplasms
  11 giant cockroaches
  8 goblins
  9 hobgoblins
  4 kobolds
  15 quokkas
  16 ball pythons
  6 bats
  9 frilled lizards
  5 rats
317 creatures vanquished.

Vanquished Creatures (others)
  5 dream sheep (D:9)
  2 killer bees (D:9)
  A fungus (Lair:1)
  6 withered plants (D:7)
14 creatures vanquished.

Grand Total: 331 creatures vanquished

Notes
Turn   | Place    | Note
-------+----------+-------------------------------------------
     0 | D:1      | tizbic2 the Demigod Earth Elementalist began the quest for
                  | the Orb.
     0 | D:1      | Reached XP level 1. HP: 14/14 MP: 5/5
    47 | D:1      | Reached skill level 1 in Transmutations
   208 | D:1      | Reached XP level 2. HP: 22/22 MP: 5/7
  1052 | D:2      | Reached XP level 3. HP: 27/27 MP: 6/8
  1063 | D:2      | Learned a level 3 spell: Stone Arrow
  1112 | D:2      | Reached skill level 1 in Fighting
  1402 | D:2      | Identified 2 scrolls of acquirement
  1402 | D:2      | Acquired a staff of earth
  1420 | D:2      | Acquired a +0 pair of boots of flying
  1721 | D:3      | Found Ydeok's Assorted Antiques.
  1732 | D:3      | Bought a lumpy inky potion for 21 gold pieces
  1732 | D:3      | Bought a murky yellow potion for 21 gold pieces
  1746 | D:3      | Found a glowing drain.
  1804 | Sewer    | Entered a sewer
  1826 | Sewer    | Reached XP level 4. HP: 34/35 MP: 5/10
  2107 | Sewer    | Reached skill level 1 in Staves
  2121 | Sewer    | Reached XP level 5. HP: 40/40 MP: 6/11
  2240 | Sewer    | Reached skill level 1 in Evocations
  2248 | Sewer    | Identified the ring of Paranoia {Will+ Dex+6}
  2456 | D:3      | Found Weithota's Weapon Boutique.
  2661 | D:3      | Found Iruacir's Antique Armour Boutique.
  3060 | D:4      | Reached XP level 6. HP: 41/48 MP: 7/12
  3240 | D:4      | Found Gacletif's Book Boutique.
  3581 | D:4      | Reached XP level 7. HP: 55/55 MP: 2/14
  3685 | D:4      | Reached skill level 5 in Earth Magic
  3714 | D:4      | Found a large runed translucent door.
  3714 | D:4      | Found a large runed translucent door.
  3716 | D:4      | Noticed Mortadella's ghost (novice GnCA)
  3848 | D:5      | Entered Level 5 of the Dungeon
  4098 | D:5      | Noticed an angel
  4169 | D:5      | Reached skill level 5 in Staves
  4169 | D:5      | Reached XP level 8. HP: 48/63 MP: 5/16
  4385 | D:5      | Learned a level 4 spell: Petrify
  5739 | D:7      | Found Conam's Magic Scroll Shop.
  5926 | D:7      | Reached XP level 9. HP: 25/72 MP: 3/19
  6745 | D:7      | Found a runed translucent gate.
  6745 | D:7      | Found a runed translucent gate.
  6745 | D:7      | Found a runed translucent gate.
  6746 | D:7      | Noticed turdburglar's ghost (novice GnAM)
  6746 | D:7      | Noticed CabbageHands's ghost (novice DsBe)
  6794 | D:7      | Learned a level 3 spell: Mephitic Cloud
  7044 | D:7      | Found a staircase to the Ecumenical Temple.
  7313 | D:3      | Bought a shiny helmet for 210 gold pieces
  7429 | D:8      | Found the +4 robe of Folly {Brilliance Will-∞ Int+8}
  7430 | D:8      | Noticed a gargoyle
  7430 | D:8      | Noticed a tengu conjurer
  7430 | D:8      | Noticed a catoblepas
  7430 | D:8      | Noticed a two-headed ogre
  7430 | D:8      | Noticed a centaur warrior
  7441 | D:8      | Noticed a seven-headed hydra
  7450 | D:8      | Noticed a centaur warrior
  7451 | D:8      | Noticed a cyclops
  7451 | D:8      | Noticed a manticore
  7511 | D:8      | Identified the +2 hat of Kem Coskack {rC+ Regen+ rCorr}
  7531 | D:8      | Noticed Maggie
  7539 | D:8      | Killed Maggie
  7540 | D:8      | Reached skill level 5 in Fighting
  7540 | D:8      | Reached skill level 5 in Spellcasting
  7886 | D:8      | Paralysed by a hornet for 2 turns
  7890 | D:8      | Reached skill level 2 in Polearms
  8497 | D:9      | Found a staircase to the Orcish Mines.
  8545 | D:9      | Reached skill level 3 in Polearms
  8875 | D:9      | Found a flagged portal.
  8884 | Bailey   | Entered a bailey
  8894 | Bailey   | Reached skill level 4 in Polearms
  9187 | Bailey   | Reached XP level 10. HP: 81/81 MP: 19/21
  9206 | Bailey   | Reached skill level 5 in Polearms
  9369 | Bailey   | Reached skill level 6 in Polearms
  9439 | Bailey   | Identified the +11 great sword "Demon's Bane" {protect,
                  | rC+}
 10022 | D:10     | Entered Level 10 of the Dungeon
 10042 | D:10     | Reached skill level 7 in Polearms
 10342 | D:10     | Reached skill level 8 in Polearms
 10760 | D:10     | Reached skill level 9 in Polearms
 11083 | D:11     | Found a staircase to the Lair.
 11272 | D:11     | Got Zurogh's Tome of Disestablishmentarianism
 11355 | D:11     | Reached XP level 11. HP: 80/86 MP: 7/22
 11503 | D:11     | Found Cukhle's One-of-a-Kind Rings.
 11665 | D:11     | Reached skill level 1 in Armour
 11928 | Lair:1   | Entered Level 1 of the Lair of Beasts
 12007 | Lair:1   | Reached skill level 1 in Conjurations
 12118 | Lair:1   | Noticed a five-headed hydra
 12125 | Lair:1   | Killed a five-headed hydra
 12135 | Lair:1   | Reached skill level 10 in Polearms
 12260 | Lair:1   | Noticed an eight-headed hydra
 12265 | Lair:1   | Killed an eight-headed hydra
 13268 | Lair:2   | Found a staircase to the Swamp.
 13362 | Lair:2   | Noticed an eight-headed hydra
 13371 | Lair:2   | HP: 3/89 [eight-headed hydra (2)]
 13371 | Lair:2   | HP: 1/89 [eight-headed hydra (2)]
 13397 | Lair:1   | Slain by a cane toad

Illustrated notes

Levels and vault maps discovered:
D:1:      dpeg_arrival_lava_altar, layout_loops_cross
D:2:      layout_rooms, shapermc_ecumenical_altar_notcrosses
D:3:      layout_basic, serial_shops, shop, nicolae_diamond_shop,
          nicolae_shop_waterfront, gup_sewer_entry_pipe
D:4:      layout_cave_pools, mainiacjoe_overflow_small_starburst,
          ebering_ghost_disaster_area, serial_shops, nicolae_stop_n_shop_2,
          hangedman_decor_peaks_small, nicolae_zen_rock_garden,
          minmay_starry_boxes
D:5:      layout_loops_ring, zin_angel, bloody_trog,
          grunt_temple_overflow_cloverleaf, kennysheep_mini,
          kennysheep_flooded_box
D:6:      layout_rooms, nicolae_elevator_lobby_asterisk
D:7:      layout_basic, cheibriados_altar_1, minmay_temple_entry_fiery,
          gammafunk_ghost_cemetery, serial_shops, nicolae_diamond_shop
D:8:      layout_basic, minivault_12, uniq_maggie
D:9:      layout_basic, kb_xom_exploding_sheep, orc_0_dummy, enter_bailey_2
D:10:     layout_basic
D:11:     layout_cave_pools, erik_lair_orcish_takeover,
          nicolae_shop_unique_rings
Lair:1:   wander_river, layout_cave_pods, lemuel_fruit_tree,
          infiniplex_staircase_pool_2
Lair:2:   layout_cave_shapes, swamp_mist

Skill      XL: |  1  2  3  4  5  6  7  8  9 10 11 |
---------------+----------------------------------+-----
Transmutations | 1 2 |  2.2
Earth Magic    | 3 4 5 6 7 |  7.4
Spellcasting   | 2 3 4 5 |  5.9
Fighting       | 1 2 3 4 5 |  5.8
Staves         | 1 2 3 5 6 7 |  7.7
Evocations     | 1 |  1.1
Polearms       | 4 9 10 | 10.3
Dodging        | 3 |  3.2
Armour         | 2 |  2.4
Conjurations   | 3 |  3.1
Stealth        | |  1.7

Action                   |  1- 3 |  4- 6 |  7- 9 | 10-12 || total
-------------------------+-------+-------+-------+-------++-------
Melee: Hand axe          |    27 |       |       |       ||    27
       Staff             |    11 |    49 |    64 |    37 ||   161
       Dagger            |       |       |    31 |     1 ||    32
       Lance             |       |       |    59 |   112 ||   171
       Punch             |       |       |     3 |     3 ||     6
       Great sword       |       |       |       |     9 ||     9
 Cast: Sandblast         |    53 |    92 |   127 |   176 ||   448
       Stone Arrow       |     2 |     2 |    30 |    52 ||    86
       Petrify           |       |       |     9 |     1 ||    10
       Mephitic Cloud    |       |       |     3 |     3 ||     6
  Use: Scroll            |     6 |     1 |     6 |     9 ||    22
       Potion            |       |     2 |     2 |     7 ||    11
 Stab: Sleeping          |     2 |       |     1 |       ||     3
       Petrified         |       |       |    22 |       ||    22
       Petrifying        |       |       |     1 |       ||     1
       Confused          |       |       |     1 |     1 ||     2
Armor: Robe              |    11 |    13 |       |       ||    24
       Skin              |       |    33 |       |     1 ||    34
       Ring mail         |       |     4 |    51 |       ||    55
       Steam dragon scal |       |       |    55 |    94 ||   149
       Acid dragon scale |       |       |       |     8 ||     8
Dodge: Dodged            |    31 |    32 |   169 |   178 ||   410
